cohdb
Replays
Latest Replays
All Replays
Popular Replays
Top Player Replays
Match Explorer
How It Works
Community
CoH3 Stats
Reddit
Sign in to upload your games and track your stats! →
Sign in with Steam
Match 40678581
Unlisted
Match 40678581
Overview
Messages
Build Orders
End
Kradschützen Motorcycle Team
Selects Italian Combined Arms Battlegroup
Selects Bersaglieri Squad
Bersaglieri Squad
Bersaglieri Squad
Panzergrenadier Squad
Construct Light Support Kompanie
Bersaglieri Squad
Fire Support Elements
Flakvierling Half-track
Selects Bersaglieri Bolster
2.5-tonne Medical Truck
Selects Breda Model 30 Light Machine Guns
Panzerjäger Mechanized Group
MG34 Team
Panzerjäger Mechanized Group
Construct Panzerarmee Kommand
Selects Semovente da 75/18 Assault Gun
Selects Strafing Run
Selects Pact of Steel
ProXy
只愛❤毛妹
0
0
Comments
sign in to comment!
No comments posted yet!